 Dungeon Crawl Stone Soup version 0.27.0-1-g7a089689b8 (webtiles) character file.

Game seed: 5864658920724203528

26785 Renzlar the Blocker (level 13, -2/104 HPs)
             Began as a Gnoll Fighter on Aug 16, 2021.
             Was a High Priest of Okawaru.
             Slain by a tyrant leech (20 damage)
             ... on level 4 of the Lair of Beasts.
             The game lasted 01:24:42 (19766 turns).

Renzlar the Blocker (Gnoll Fighter)                Turns: 19766, Time: 01:24:43

Health: -2/104     AC: 25    Str: 19    XL:     13   Next: 28%
Magic:  24/25      EV: 16    Int:  8    God:    Okawaru [*****.]
Gold:   1157       SH: 15    Dex: 13    Spells: 24/28 levels left

rFire    . . .     SeeInvis .   a - +3 broad axe (flame)
rCold    . . .     Faith    .   F - +1 kite shield
rNeg     . . .     Spirit   .   L - +4 ring mail
rPois    +         Reflect  .   (no helmet)
rElec    .         Harm     .   O - +0 cloak
rCorr    .         Rampage  .   q - +0 pair of gloves
Will     .....                  R - +2 pair of boots
Stlth    +++++.....             N - amulet of the acrobat
HPRegen  0.27/turn              S - ring of poison resistance
MPRegen  0.19/turn              M - +4 ring of protection

@: heroic, studying Shields
A: fangs 1, strong nose, distributed training, iridescent scales 1, sense
surroundings 1
a: Renounce Religion, Heroism, Finesse


You were on level 4 of the Lair of Beasts.
You worshipped Okawaru.
Okawaru was extremely pleased with you.
You visited 3 branches of the dungeon, and saw 16 of its levels.
You also visited: Bailey and Volcano.

You collected 1157 gold pieces.

Inventory:

Hand Weapons
 a - a +3 broad axe of flaming (weapon)
 b - a +3 falchion of freezing
 c - a +0 hunting sling
 e - a +2 mace of holy wrath
 h - a +2 quick blade of flaming
 l - a +4 spear
Missiles
 f - 151 sling bullets
 g - 230 stones (quivered)
 p - 2 throwing nets
 r - 6 atropa-tipped darts
 s - 81 bolts
 y - 82 poisoned darts
 I - a curare-tipped dart
 K - 25 javelins
Armour
 q - a +0 pair of gloves (worn)
 F - a +1 kite shield (worn)
 L - a +4 ring mail (worn)
 O - a +0 cloak (worn)
 R - a +2 pair of boots (worn)
Jewellery
 G - a ring of protection from fire
 M - a +4 ring of protection (right hand)
 N - an amulet of the acrobat (around neck)
 S - a ring of poison resistance (left hand)
Wands
 u - a wand of flame (76)
 v - a wand of polymorph (8)
 D - a wand of mindburst (14)
 J - a wand of paralysis (8)
Scrolls
 d - a scroll of blinking
 i - 3 scrolls of identify
 k - a scroll of fog
 n - 5 scrolls of teleportation
 o - 5 scrolls of magic mapping
 A - a scroll of holy word
 C - 3 scrolls of enchant armour
 P - a scroll of amnesia
Potions
 j - 2 potions of mutation
 m - 2 potions of haste
 t - 2 potions of magic
 z - 5 potions of curing
 B - 2 potions of flight
 H - 2 potions of might
 Q - a potion of heal wounds
Miscellaneous
 x - a lightning rod (2/4)


   Skills:
 + Level 10.4(15.4) Fighting
 + Level 8.1(13.1) Short Blades
 + Level 8.1(13.1) Long Blades
 + Level 9.4(14.4) Axes
 + Level 8.1(13.1) Maces & Flails
 + Level 8.1(13.1) Polearms
 + Level 8.1(13.1) Staves
 + Level 8.1(13.1) Slings
 + Level 8.1(13.1) Bows
 + Level 8.1(13.1) Crossbows
 + Level 8.1(13.1) Throwing
 + Level 10.4(15.4) Armour
 + Level 8.1(13.1) Dodging
 + Level 8.1(13.1) Stealth
 + Level 11.5(16.5) Shields
 + Level 8.1(13.1) Unarmed Combat
 + Level 8.1 Spellcasting
 + Level 6.8 Conjurations
 + Level 6.8 Hexes
 + Level 6.8 Summonings
 + Level 6.8 Necromancy
 + Level 6.8 Translocations
 + Level 6.8 Transmutations
 + Level 6.8 Fire Magic
 + Level 6.8 Ice Magic
 + Level 6.8 Air Magic
 + Level 6.8 Earth Magic
 + Level 6.8 Poison Magic
 + Level 8.9 Invocations
 + Level 8.1 Evocations


You had 24 spell levels left.
You knew the following spells:

 Your Spells              Type           Power      Damage    Failure   Level
a - Summon Lightning Spi  Summ/Air       14%        N/A       17%         4

Your spell library contained the following spells:

 Spells                   Type           Power      Damage    Failure   Level
 Animate Skeleton         Necr           28%        N/A       1%          1
 Apportation              Tloc           28%        N/A       1%          1
 Corona                   Hex            15%        N/A       1%          1
 Summon Small Mammal      Summ           56%        N/A       1%          1
 Blink                    Tloc           N/A        N/A       2%          2
 Slow                     Hex            14%        N/A       2%          2
 Summon Guardian Golem    Hex/Summ       14%        N/A       4%          3
 Airstrike                Air            7%         N/A       17%         4
 Leda's Liquefaction      Hex/Erth       7%         N/A       17%         4
 Passage of Golubria      Tloc           N/A        N/A       17%         4
 Bolt of Magma            Conj/Fire/Erth 7%         4d6       43%         5
 Lightning Bolt           Conj/Air       7%         1d19      43%         5
 Manifold Assault         Tloc           14%        N/A       43%         5
 Silence                  Hex/Air        7%         N/A       43%         5
 Conjure Ball Lightning   Conj/Air       7%         3x3d6     95%         6
 Invisibility             Hex            7%         N/A       95%         6
 Statue Form              Tmut/Erth      9%         N/A       95%         6
 Storm Form               Tmut/Air       7%         N/A       100%        7
 Discord                  Hex            7%         N/A       100%        8
 Disjunction              Tloc           7%         N/A       100%        8
 Lehudib's Crystal Spear  Conj/Erth      7%         10d3      100%        8


Dungeon Overview and Level Annotations

Branches:
Dungeon (11/15)            Temple (1/1) D:5            Lair (4/6) D:9
  Swamp (0/4) Lair:4       Spider (0/4) Lair:2          Orc (0/2) D:9
 Bailey (visited)         Volcano (visited)

Altars:
Ashenzari
Cheibriados
Dithmenos
Elyvilon
Fedhas
Gozag
Hepliaklqana
Makhleb
Okawaru
Qazlal
Ru
Sif Muna
Trog
Uskayaw
Vehumet
Wu Jian
Xom
Yredelemnul
Zin
The Shining One
Beogh

Shops:
D:11 !

Annotations:
D:5 2 runed translucent doors
D:6 3 runed translucent doors, pikapanic92's ghost, novice TrFi


Innate Abilities, Weirdness & Mutations

You have very sharp teeth.
Your uncanny sense of smell can sniff out nearby items.
Your experience applies equally to all skills.
You are partially covered in iridescent scales. (AC +2)
You passively map a small area around you.


Message History

The tyrant leech is heavily wounded.
You slash the tyrant leech! You burn the tyrant leech.
The tyrant leech barely misses you.
The tyrant leech bites you but does no damage.
The tyrant leech bites you!
The tyrant leech draws strength from your injuries!
You gain the combat prowess of a mighty hero.
You block the tyrant leech's attack.
You barely miss the tyrant leech. Your bite misses the tyrant leech.
The tyrant leech is moderately wounded.
You hit the tyrant leech. You burn the tyrant leech.
You block the tyrant leech's attack. The tyrant leech bites you!!
* * * LOW HITPOINT WARNING * * *
The tyrant leech draws strength from your injuries!
Unknown command.
You slice the tyrant leech!! You burn the tyrant leech.
The tyrant leech is severely wounded.
You slash the tyrant leech! You burn the tyrant leech!
The tyrant leech bites you!
* * * LOW HITPOINT WARNING * * *
The tyrant leech draws strength from your injuries!
Unknown command.
You feel much better. You block the tyrant leech's attack.
The tyrant leech bites you!!
* * * LOW HITPOINT WARNING * * *
The tyrant leech draws strength from your injuries!
You hit the tyrant leech. You burn the tyrant leech.
The tyrant leech is heavily wounded.
You miss the tyrant leech. The tyrant leech closely misses you.
Unknown command.
You closely miss the tyrant leech. Your bite misses the tyrant leech.
The tyrant leech is heavily wounded.
You closely miss the tyrant leech. The tyrant leech misses you.
The tyrant leech barely misses you.
Unknown command.
You slash the tyrant leech! You burn the tyrant leech.
The tyrant leech is severely wounded.
You slash the tyrant leech! You burn the tyrant leech.
The tyrant leech bites you!!
You die...

,,.......... ...........
, .........# ♣♣♣
.........##
*♣♣§≈♣♣.......... , , ,
♣♣§§≈≈♣(......... , ,
♣§§§§§(.......... ,
♣§§§w♣♣ww...[...........
♣♣w ♣♣@................
, ♣♣♣♣..................
.......................
.......................
, ,
.............#..........
,
P.......................
.......(.....#...#......
........................
,*
....(..................


You could see 2 tyrant leeches.

Vanquished Creatures
  The ghost of MeatGrinder the Cleaver, a journeyman HuBe of Trog (D:10)
  2 hydras
  2 centaur warriors
  A two-headed ogre (D:6)
  Urug (D:11)
  A hell knight (Volcano)
  A wolf spider (Lair:2)
  An ugly thing (D:10)
  A cyclops (D:11)
  5 elephants (Lair:3)
  A black mamba (Lair:2)
  4 cane toads
  3 komodo dragons (Lair:3)
  A yaktaur (Volcano)
  3 trolls
  A tyrant leech (Lair:4)
  A polar bear (Lair:1)
  A shadow (D:10)
  A wyvern (D:9)
  44 yaks
  A vampire (D:11)
  A wraith (D:11)
  2 basilisks
  A steam dragon (D:8)
  A warg (D:9)
  A swamp worm (Lair:4)
  7 water moccasins
  A swamp drake (D:7)
  An ice beast (D:7)
  20 orc warriors
  2 sky beasts
  2 ogres
  A black bear (Lair:1)
  8 wolves
  13 centaurs
  2 kobold brigands
  9 bullfrogs
  2 gnoll sergeants (D:7)
  2 wyvern zombies
  A water moccasin zombie (D:5)
  A scorpion (D:5)
  9 killer bees
  11 wights
  An electric eel (Lair:1)
  2 howler monkeys
  2 bullfrog zombies
  2 jellies
  2 centaur zombies (D:9)
  7 orc priests
  4 hounds
  A bullfrog skeleton (D:6)
  An iguana (D:6)
  5 orc wizards
  16 gnolls
  A howler monkey skeleton (D:7)
  5 adders
  2 ufetubi
  3 worms
  7 dart slugs
  52 orcs
  4 bats
  3 endoplasms (D:2)
  3 giant cockroaches
  14 goblins
  8 hobgoblins
  3 jackals (D:2)
  14 kobolds
  6 quokkas
  8 ball pythons
  2 frilled lizards (D:1)
  4 rats
357 creatures vanquished.

Vanquished Creatures (others)
  A yak (D:9)
  An orc warrior (Bailey)
  A killer bee (D:7)
  An orc (Bailey)
  15 fungi
  5 plants
24 creatures vanquished.

Grand Total: 381 creatures vanquished

Notes
Turn   | Place    | Note
-------+----------+-------------------------------------------
     0 | D:1      | Renzlar the Gnoll Fighter began the quest for the Orb.
     0 | D:1      | Reached XP level 1. HP: 23/23 MP: 1/1
   202 | D:1      | Reached XP level 2. HP: 29/29 MP: 2/2
   312 | D:1      | Found a faded altar of an unknown god.
   384 | D:1      | Reached XP level 3. HP: 35/35 MP: 3/3
   833 | D:2      | Reached skill level 1 in Invocations
   989 | D:2      | Reached skill level 1 in Short Blades
   989 | D:2      | Reached skill level 1 in Long Blades
   989 | D:2      | Reached skill level 1 in Maces & Flails
   989 | D:2      | Reached skill level 1 in Polearms
   989 | D:2      | Reached skill level 1 in Staves
   989 | D:2      | Reached skill level 1 in Slings
   989 | D:2      | Reached skill level 1 in Bows
   989 | D:2      | Reached skill level 1 in Crossbows
   989 | D:2      | Reached skill level 1 in Throwing
   989 | D:2      | Reached skill level 1 in Dodging
   989 | D:2      | Reached skill level 1 in Stealth
   989 | D:2      | Reached skill level 1 in Unarmed Combat
   989 | D:2      | Reached skill level 1 in Spellcasting
   989 | D:2      | Reached skill level 1 in Evocations
  1224 | D:2      | Reached XP level 4. HP: 36/41 MP: 5/5
  1338 | D:2      | Reached skill level 1 in Conjurations
  1338 | D:2      | Reached skill level 1 in Hexes
  1338 | D:2      | Reached skill level 1 in Summonings
  1338 | D:2      | Reached skill level 1 in Necromancy
  1338 | D:2      | Reached skill level 1 in Translocations
  1338 | D:2      | Reached skill level 1 in Transmutations
  1338 | D:2      | Reached skill level 1 in Fire Magic
  1338 | D:2      | Reached skill level 1 in Ice Magic
  1338 | D:2      | Reached skill level 1 in Air Magic
  1338 | D:2      | Reached skill level 1 in Earth Magic
  1338 | D:2      | Reached skill level 1 in Poison Magic
  1723 | D:3      | Found a radiant altar of Vehumet.
  1732 | D:3      | Reached XP level 5. HP: 42/47 MP: 6/6
  1815 | D:3      | Found a shimmering blue altar of Sif Muna.
  2664 | D:4      | You fall into a shaft and drop 2 floors!
  2694 | D:5      | Entered Level 5 of the Dungeon
  2897 | D:5      | Found a staircase to the Ecumenical Temple.
  2906 | Temple   | Entered the Ecumenical Temple
  3075 | Temple   | Became a worshipper of Warmaster Okawaru
  3130 | D:5      | Reached XP level 6. HP: 53/53 MP: 8/8
  3173 | D:5      | Reached skill level 5 in Axes
  3327 | D:5      | Found a runed translucent door.
  3330 | D:5      | Noticed a vampire mosquito
  3333 | D:5      | Found a runed translucent door.
  3528 | D:5      | Reached * piety under Okawaru
  3529 | D:5      | Reached XP level 7. HP: 29/59 MP: 10/10
  3698 | D:5      | Reached skill level 7 in Shields
  4560 | D:4      | Gained mutation: You are frail. (-10% HP) [potion of
                  | mutation]
  4560 | D:4      | Gained mutation: You expend magic power (3 MP) to
                  | strengthen your wands. [potion of mutation]
  4560 | D:4      | Gained mutation: You possess an exceptional clarity of
                  | mind. [potion of mutation]
  4561 | D:4      | Lost mutation: You are frail. (-10% HP) [potion of
                  | mutation]
  4561 | D:4      | Lost mutation: You expend magic power (3 MP) to strengthen
                  | your wands. [potion of mutation]
  4561 | D:4      | Lost mutation: You possess an exceptional clarity of mind.
                  | [potion of mutation]
  4561 | D:4      | Gained mutation: You have sharp fingernails. [potion of
                  | mutation]
  4694 | D:6      | Found a runed translucent gate.
  4694 | D:6      | Found a runed translucent gate.
  4694 | D:6      | Found a runed translucent gate.
  4696 | D:6      | Noticed a two-headed ogre
  4698 | D:6      | Noticed pikapanic92's ghost (novice TrFi)
  5032 | D:6      | Noticed a two-headed ogre
  5049 | D:6      | Killed a two-headed ogre
  5050 | D:6      | Reached XP level 8. HP: 25/67 MP: 9/13
  5622 | D:6      | Reached ** piety under Okawaru
  5788 | D:7      | Noticed a troll
  5801 | D:7      | Killed a troll
  5802 | D:7      | Reached XP level 9. HP: 45/73 MP: 12/14
  6310 | D:7      | Reached *** piety under Okawaru
  6428 | D:7      | Reached skill level 8 in Shields
  6589 | D:7      | Found a burning altar of Makhleb.
  6974 | D:7      | Found a sacrificial altar of Ru.
  6979 | D:7      | Found a blossoming altar of Fedhas.
  7160 | D:8      | Reached skill level 5 in Invocations
  7429 | D:8      | Found an opulent altar of Gozag.
  7541 | D:8      | Reached XP level 10. HP: 34/80 MP: 17/17
  7544 | D:8      | Reached skill level 5 in Short Blades
  7544 | D:8      | Reached skill level 5 in Long Blades
  7544 | D:8      | Reached skill level 5 in Maces & Flails
  7544 | D:8      | Reached skill level 5 in Polearms
  7544 | D:8      | Reached skill level 5 in Staves
  7544 | D:8      | Reached skill level 5 in Slings
  7544 | D:8      | Reached skill level 5 in Bows
  7544 | D:8      | Reached skill level 5 in Crossbows
  7544 | D:8      | Reached skill level 5 in Throwing
  7544 | D:8      | Reached skill level 5 in Dodging
  7544 | D:8      | Reached skill level 5 in Stealth
  7544 | D:8      | Reached skill level 5 in Unarmed Combat
  7544 | D:8      | Reached skill level 5 in Spellcasting
  7544 | D:8      | Reached skill level 5 in Evocations
  8255 | D:8      | Reached **** piety under Okawaru
  8996 | D:9      | Found a staircase to the Lair.
  9283 | D:9      | Found a staircase to the Orcish Mines.
  9563 | D:9      | Lost mutation: You have sharp fingernails. [potion of
                  | mutation]
  9563 | D:9      | Gained mutation: You are partially covered in iridescent
                  | scales. (AC +2) [potion of mutation]
  9563 | D:9      | Gained mutation: You passively map a small area around you.
                  | [potion of mutation]
  9956 | D:9      | Found a white marble altar of Elyvilon.
  9973 | D:9      | Found a glowing golden altar of the Shining One.
 10103 | D:9      | Received a gift from Okawaru
 10452 | D:9      | Found a stormy altar of Qazlal.
 10485 | D:10     | Entered Level 10 of the Dungeon
 10485 | D:10     | Found a flagged portal.
 10487 | D:10     | Noticed a cyan ugly thing
 10499 | D:10     | Killed a cyan ugly thing
 10526 | D:9      | Reached ***** piety under Okawaru
 10533 | D:9      | Received a gift from Okawaru
 10673 | D:9      | Reached XP level 11. HP: 63/87 MP: 19/19
 10782 | Bailey   | Entered a bailey
 11081 | Bailey   | Reached skill level 9 in Shields
 11283 | Bailey   | Reached skill level 5 in Conjurations
 11283 | Bailey   | Reached skill level 5 in Hexes
 11283 | Bailey   | Reached skill level 5 in Summonings
 11283 | Bailey   | Reached skill level 5 in Necromancy
 11283 | Bailey   | Reached skill level 5 in Translocations
 11283 | Bailey   | Reached skill level 5 in Transmutations
 11283 | Bailey   | Reached skill level 5 in Fire Magic
 11283 | Bailey   | Reached skill level 5 in Ice Magic
 11283 | Bailey   | Reached skill level 5 in Air Magic
 11283 | Bailey   | Reached skill level 5 in Earth Magic
 11283 | Bailey   | Reached skill level 5 in Poison Magic
 11296 | Bailey   | Received a gift from Okawaru
 11525 | Bailey   | Identified the +8 bardiche of the Goat {vorpal, Stlth+}
 12293 | D:10     | Received a gift from Okawaru
 12487 | D:10     | Found a runed translucent door.
 12498 | D:10     | Noticed MeatGrinder's ghost (journeyman HuBe)
 12524 | D:10     | Killed MeatGrinder's ghost
 13000 | D:10     | Noticed a centaur warrior
 13004 | D:10     | Killed a centaur warrior
 13223 | D:11     | Found Jedi's Distillery.
 13491 | D:11     | Noticed Urug
 13513 | D:11     | Killed Urug
 14473 | D:11     | Noticed a cyclops
 14486 | D:11     | Killed a cyclops
 14863 | Lair:1   | Entered Level 1 of the Lair of Beasts
 14903 | Lair:1   | Reached skill level 10 in Shields
 15022 | Lair:1   | Received a gift from Okawaru
 15023 | Lair:1   | Reached XP level 12. HP: 96/96 MP: 22/22
 15230 | Lair:1   | Got the Catalogue of Enchantment
 15930 | Lair:1   | Noticed a six-headed hydra
 15937 | Lair:1   | Killed a six-headed hydra
 16170 | Lair:2   | Found a dark tunnel.
 16268 | Volcano  | Entered a volcano
 16294 | Volcano  | Noticed a centaur warrior
 16304 | Volcano  | Killed a centaur warrior
 16481 | Volcano  | Noticed a hell knight
 16509 | Volcano  | Killed a hell knight
 16980 | Lair:2   | Found a hole to the Spider Nest.
 17698 | Lair:3   | Reached skill level 10 in Fighting
 17698 | Lair:3   | Reached skill level 10 in Armour
 17956 | Lair:3   | Noticed an eight-headed hydra
 17964 | Lair:3   | Killed a four-headed hydra
 18083 | Lair:3   | Reached skill level 11 in Shields
 18599 | Lair:3   | Reached XP level 13. HP: 97/103 MP: 24/24
 18913 | Lair:3   | Learned a level 4 spell: Summon Lightning Spire
 19079 | Lair:3   | Received a gift from Okawaru
 19739 | Lair:4   | Found a staircase to the Swamp.
 19766 | Lair:4   | Slain by a tyrant leech

Illustrated notes

Levels and vault maps discovered:
D:1:      dpeg_arrival_windows_large_door, layout_basic,
          ebering_ecumenical_altar_sacrificial, serial_corexii_hall,
          chequers_hall_statues_corner_a, corexii_hall_statues_u,
          corexii_hall_statues_l, corexii_hall_statues_u,
          chequers_hall_statues_wall_a, corexii_hall_statues_deadend
D:2:      layout_basic
D:3:      layout_basic, mainiacjoe_overflow_cross_hatched, led_sif_book,
          kennysheep_generic_room_5
D:4:      layout_basic, serial_glass, glass_columns_a, glass_columns_c,
          item_on_display_a, item_on_display_a, serial_park_tiny_1
D:5:      lemuel_insect_pit, layout_basic, minmay_temple_entry_mist
D:6:      layout_basic, gammafunk_ghost_split, abandoned_shop
D:7:      layout_basic, makhleb_heckhound_becter, grunt_temple_overflow_open,
          ebering_dispersal_statue_hall
D:8:      layout_loops_cross, marbit_many_paths, grunt_decor_mini_mirrors,
          grunt_ministairs_4
D:9:      layout_small_grid, mainiacjoe_overflow_big_doors,
          mainiacjoe_overflow_surrounded_room, dpeg_oklobed_lair, erik_orc_3,
          lemuel_flame_loot_1
D:10:     layout_irregular_city, enter_bailey_5, ebering_ghost_reflecting_pool
D:11:     layout_gridville, serial_shops, nicolae_square_shop, special_room
          [special_room_orc], uniq_urug
Temple:   oiseaux_autumnal_temple
Lair:1:   layout_long_grid, nicolae_quartered_pool_little,
          grunt_forest_small_clearings
Lair:2:   layout_gridlike, spider_nest_entry_rubble,
          nicolae_volcano_entry_two_sided, lemuel_fruit_fields,
          serial_bayou_shore_b
Lair:3:   layout_roguey
Lair:4:   layout_hall_layers, minmay_swamp_entry_worms, grunt_megastairs_2

Skill      XL: |  1  2  3  4  5  6  7  8  9 10 11 12 13 |
---------------+----------------------------------------+-----
Invocations    | 1 2 3 4 5 6 7 8 |  8.9
Short Blades   | 1 2 3 4 5 6 7 8 |  8.1
Long Blades    | 1 2 3 4 5 6 7 8 |  8.1
Maces & Flails | 1 2 3 4 5 6 7 8 |  8.1
Polearms       | 1 2 3 4 5 6 7 8 |  8.1
Staves         | 1 2 3 4 5 6 7 8 |  8.1
Slings         | 1 2 3 4 5 6 7 8 |  8.1
Bows           | 1 2 3 4 5 6 7 8 |  8.1
Crossbows      | 1 2 3 4 5 6 7 8 |  8.1
Throwing       | 1 2 3 4 5 6 7 8 |  8.1
Dodging        | 1 2 3 4 5 6 7 8 |  8.1
Stealth        | 1 2 3 4 5 6 7 8 |  8.1
Unarmed Combat | 1 2 3 4 5 6 7 8 |  8.1
Spellcasting   | 1 2 3 4 5 6 7 8 |  8.1
Evocations     | 1 2 3 4 5 6 7 8 |  8.1
Conjurations   | 1 2 3 4 5 6 |  6.8
Hexes          | 1 2 3 4 5 6 |  6.8
Summonings     | 1 2 3 4 5 6 |  6.8
Necromancy     | 1 2 3 4 5 6 |  6.8
Translocations | 1 2 3 4 5 6 |  6.8
Transmutations | 1 2 3 4 5 6 |  6.8
Fire Magic     | 1 2 3 4 5 6 |  6.8
Ice Magic      | 1 2 3 4 5 6 |  6.8
Air Magic      | 1 2 3 4 5 6 |  6.8
Earth Magic    | 1 2 3 4 5 6 |  6.8
Poison Magic   | 1 2 3 4 5 6 |  6.8
Axes           | 5 6 7 8 9 |  9.4
Fighting       | 7 8 9 10 | 10.4
Armour         | 7 8 9 10 | 10.4
Shields        | 7 8 10 11 | 11.5

Action                   |  1- 3 |  4- 6 |  7- 9 | 10-12 | 13-15 || total
-------------------------+-------+-------+-------+-------+-------++-------
Melee: War axe           |   115 |   111 |   189 |   107 |       ||   522
       Bite              |    11 |    13 |    38 |   123 |    19 ||   204
       Falchion          |       |       |    76 |   152 |       ||   228
       Broad axe         |       |       |       |   543 |   136 ||   679
       Dagger            |       |       |       |     7 |       ||     7
       Quick blade       |       |       |       |     9 |     2 ||    11
 Fire: Hunting sling     |       |       |       |   162 |    36 ||   198
Throw: Stone             |     2 |    35 |    49 |     5 |       ||    91
       Dart              |       |       |     7 |     9 |       ||    16
       Javelin           |       |       |       |     2 |       ||     2
       Throwing net      |       |       |       |     2 |       ||     2
Invok: Heroism           |       |       |     3 |     6 |     1 ||    10
Evoke: Wand              |       |       |     2 |       |       ||     2
       Lightning rod     |       |       |       |     4 |       ||     4
  Use: Scroll            |     2 |       |    14 |    11 |       ||    27
       Potion            |       |       |     3 |    11 |     1 ||    15
 Stab: Confused          |       |       |     2 |       |       ||     2
       Sleeping          |       |       |       |     7 |     2 ||     9
       Distracted        |       |       |       |     1 |       ||     1
Armor: Scale mail        |    41 |       |       |       |       ||    41
       Chain mail        |     5 |    54 |   117 |   186 |       ||   362
       Ring mail         |       |       |       |   201 |    54 ||   255
Dodge: Dodged            |    28 |    32 |   100 |   402 |    52 ||   614
Block: Kite shield       |    77 |    60 |   215 |   670 |    80 ||  1102
       Rpst.: Falchion   |       |       |     9 |    18 |       ||    27
